 Dungeon Crawl Stone Soup version 0.25-a0-289-g406d6369f5 (webtiles) character file.

Game seed: 11368193896661922527, levelgen mode: deterministic

297378 Faustar the Eclecticist (level 20, -4/188 HPs)
             Began as a Black Draconian Conjurer on Dec 13, 2019.
             Was the Champion of Vehumet.
             Shot with a bolt by a yaktaur captain (25 damage)
             ... while paralysed by a wizard
             ... on level 3 of the Vaults.
             The game lasted 04:39:45 (57679 turns).

Faustar the Eclecticist (Black Draconian Conjurer) Turns: 57679, Time: 04:39:46

Health: -4/188     AC: 18    Str: 14    XL:     20   Next: 10%
Magic:  16/70      EV:  2    Int: 22    God:    Vehumet [******]
Gold:   3533       SH:  0    Dex: 16    Spells: 13/56 levels left

rFire    . . .     SeeInvis +   u - staff of power
rCold    . . .     Gourm    .   e - +5 shield {reflect}
rNeg     + + .     Faith    .   (armour unavailable)
rPois    +         Spirit   .   v - +2 hat
rElec    +         Reflect  +   (no cloak)
rCorr    .         Harm     .   m - +2 pair of gloves
MR       +....                  t - +2 pair of boots of Umuv {rN+ Str+4}
Stlth    ++........             p - amulet of Xulakk {rPois rN+ Regen+ MP+9 Dex+3}
HPRegen  0.81/turn              z - +6 ring of evasion
MPRegen  0.42/turn              O - ring of see invisible

@: paralysed, flying, studying Ice Magic
A: breathe lightning, unfitting armour, big wings, horns 1, dopey 1, high mp 1,
robust 1, electricity resistance, cold-blooded, AC +10
}: 2/15 runes: decaying, gossamer
a: Breathe Lightning, Stop Flying, Renounce Religion


You were on level 3 of the Vaults.
You worshipped Vehumet.
Vehumet was exalted by your worship.
You were not hungry.

You visited 7 branches of the dungeon, and saw 35 of its levels.
You visited the Abyss 1 time.
You also visited: Bailey, Gauntlet and Ice Cave.

You collected 3743 gold pieces.
You spent 210 gold pieces at shops.

Inventory:

Armour
 c - the +1 pair of gloves "Gyur" {rElec rN+ Str-5}
   (You found it on level 6 of the Lair of Beasts)

   It affects your strength (-5).
   It insulates you from electricity.
   It protects you from negative energy.
 e - a +5 shield of reflection (worn)
 m - a +2 pair of gloves (worn)
 t - the +2 pair of boots of Umuv (worn) {rN+ Str+4}
   (You found it on level 1 of the Vaults)

   It affects your strength (+4).
   It protects you from negative energy.
 v - a +2 hat (worn)
Magical Staves
 u - an uncursed staff of power (weapon)
 U - an uncursed staff of air
Jewellery
 p - the amulet of Xulakk (around neck) {rPois rN+ Regen+ MP+9 Dex+3}
   (You acquired it on level 6 of the Lair of Beasts)

   [amulet of regeneration]

   It affects your dexterity (+3).
   It protects you from poison.
   It protects you from negative energy.
   It affects your magic capacity (+9).
   It increases your rate of regeneration.
 z - a +6 ring of evasion (left hand)
 M - an uncursed ring of fire
 O - a ring of see invisible (right hand)
 Q - the ring of Secrets {Ice Str+7}
   (You found it on level 5 of the Lair of Beasts)

   [ring of ice]

   It enhances your ice magic.
   It affects your strength (+7).
   It makes you vulnerable to fire.
   It protects you from cold.
 W - a +3 ring of protection
Wands
 g - a wand of iceblast (26)
 l - a wand of acid (5)
 r - a wand of digging (13)
 x - a wand of paralysis (22)
 G - a wand of flame (73)
 L - a wand of random effects (82)
 P - a wand of clouds (4)
 X - a wand of scattershot (5)
Scrolls
 h - 5 scrolls of amnesia
 i - 14 scrolls of identify
 j - 3 scrolls of magic mapping
 k - 9 scrolls of enchant weapon
 o - 5 scrolls of teleportation
 s - 11 scrolls of remove curse
 w - 4 scrolls of immolation
 y - 3 scrolls of enchant armour
 C - a scroll of fog
 I - 7 scrolls of fear
 N - 2 scrolls of silence
 R - 3 scrolls of blinking
Potions
 a - 2 potions of haste
 d - a potion of ambrosia
 f - 9 potions of heal wounds
 n - 10 potions of curing
 q - 5 potions of might
 A - 5 potions of agility
 E - a potion of invisibility
 J - 3 potions of cancellation
 S - 4 potions of brilliance
 T - 6 potions of berserk rage
Books
 F - a manual of Ice Magic
Miscellaneous
 D - a lamp of fire
 V - a crystal ball of energy
 Y - a phial of floods
Comestibles
 b - 24 rations


   Skills:
 + Level 13.2 Fighting
 - Level 8.0 Dodging
 - Level 1.7 Stealth
 - Level 15.0 Shields
 - Level 18.7 Spellcasting
 - Level 15.0 Conjurations
 - Level 8.0 Hexes
 - Level 6.0 Ice Magic
 - Level 15.0 Air Magic
 - Level 6.2 Evocations


You had 13 spell levels left.
You knew the following spells:

 Your Spells              Type           Power        Failure   Level  Hunger
a - Freezing Cloud        Conj/Ice/Air   ######....   1%          6    ####...
b - Searing Ray           Conj           ######       0%          2    None
c - Fulminant Prism       Conj/Hex       ######....   1%          4    None
d - Foxfire               Conj/Fire      ####         1%          1    None
e - Shock                 Conj/Air       ####         0%          1    None
f - Confuse               Hex            ######..     1%          3    None
g - Tukima's Dance        Hex            ######..     1%          3    None
h - Conjure Ball Lightni  Conj/Air       ######....   1%          6    ####...
i - Mephitic Cloud        Conj/Pois/Air  ######..     1%          3    None
j - Orb of Destruction    Conj           ######....   1%          7    #####..
k - Spellforged Servitor  Conj/Summ      ######....   24%         7    #####..

Your spell library contained the following spells:

 Spells                   Type           Power        Failure   Level  Hunger
 Tornado                  Air            ######....   75%         9    #######
 Glaciate                 Conj/Ice       ######....   99%         9    #######
 Fire Storm               Conj/Fire      ######....   100%        9    #######
 Magic Dart               Conj           ####         0%          1    None
 Confusing Touch          Hex            ######       1%          1    None
 Corona                   Hex            ######.      1%          1    None
 Corpse Rot               Necr/Air       N/A          1%          2    None
 Ensorcelled Hibernation  Hex/Ice        ######       1%          2    None
 Slow                     Hex            ######..     1%          2    None
 Dazzling Flash           Conj/Hex       ######       1%          3    None
 Inner Flame              Hex/Fire       #####...     1%          3    None
 Portal Projectile        Hex/Tloc       #####.       1%          3    None
 Spectral Weapon          Hex/Chrm       #####...     1%          3    None
 Stone Arrow              Conj/Erth      ######       1%          3    None
 Summon Guardian Golem    Hex/Summ       #####...     1%          3    None
 Cause Fear               Hex            ######....   1%          4    None
 Iskenderun's Mystic Bla  Conj/Tloc      ######..     1%          4    None
 Irradiate                Conj/Tmut      ######....   1%          5    None
 Silence                  Hex/Air        ######....   1%          5    None
 Animate Skeleton         Necr           N/A          2%          1    None
 Apportation              Tloc           ###...       2%          1    None
 Summon Butterflies       Summ           ###.....     2%          1    None
 Summon Small Mammal      Summ           ###.         2%          1    None
 Metabolic Englaciation   Hex/Ice        ######....   3%          5    None
 Yara's Violent Unravell  Hex/Tmut       #####.....   3%          5    None
 Leda's Liquefaction      Hex/Erth       #####.....   4%          4    None
 Iron Shot                Conj/Erth      ######....   4%          6    ####...
 Summon Ice Beast         Ice/Summ       ####....     7%          4    None
 Call Canine Familiar     Summ           ###.....     8%          3    None
 Gell's Gravitas          Tloc           ###.......   8%          3    None
 Lesser Beckoning         Tloc           ###.......   8%          3    None
 Recall                   Summ/Tloc      N/A          8%          3    None
 Summon Mana Viper        Hex/Summ       #####...     13%         5    None
 Invisibility             Hex            ######..     14%         6    ####...
 Deflect Missiles         Chrm/Air       ######....   17%         6    ####...
 Petrify                  Tmut/Erth      ###.....     24%         4    None
 Alistair's Intoxication  Tmut/Pois      ###.....     56%         5    None
 Aura of Abjuration       Summ           ###.......   56%         5    None
 Summon Demon             Summ           ###.......   56%         5    None
 Summon Forest            Summ/Tloc      ###.......   56%         5    None
 Eringya's Noxious Bog    Tmut/Pois      ###.......   98%         6    ####...
 Hydra Form               Tmut           ###.......   98%         6    ####...
 Shadow Creatures         Summ           N/A          98%         6    ####...
 Statue Form              Tmut/Erth      ###......    98%         6    ####...
 Discord                  Hex            ######....   99%         8    #######
 Dragon Form              Tmut           ###.......   100%        7    #####..
 Summon Hydra             Summ           ###.......   100%        7    #####..


Dungeon Overview and Level Annotations

Branches:
Dungeon (15/15)            Temple (1/1) D:5            Lair (6/6) D:11
  Swamp (4/4) Lair:2       Spider (4/4) Lair:2        Slime (0/5) Lair:5
    Orc (2/2) D:10            Elf (0/3) Orc:2        Vaults (3/5) D:14
  Crypt (0/3) Vaults:2     Depths (0/5) D:15         Bailey (visited)
  IceCv (visited)         Gauntlet (visited)

Altars:
Ashenzari
Cheibriados
Dithmenos
Elyvilon
Fedhas
Gozag
Hepliaklqana
Kikubaaqudgha
Makhleb
Nemelex Xobeh
Okawaru
Qazlal
Ru
Sif Muna
Trog
Uskayaw
Vehumet
Wu Jian
Xom
Yredelemnul
Zin
The Shining One
Beogh

Shops:
D:10 !   D:14 *   Orc:2 [%[(:(   Vaults:2 [

Portals:
Trove: D:10 (give +7 demon trident)

Annotations:
D:4 1 runed translucent door, Crazy Yiuf
Lair:1 2 transporters, Fenoutet's ghost, novice DEWz


Innate Abilities, Weirdness & Mutations

You can breathe wild blasts of lightning.
Your glossy black scales are hard. (AC +10)
You cannot fit into any form of body armour.
Your large and strong wings let you fly indefinitely.
You are resistant to electric shocks. (rElec)
You are cold-blooded and may be slowed by cold attacks.
You have a pair of small horns on your head.
You are dopey. (Int -2)
You have an increased reservoir of magic. (+10% MP)
You are robust. (+10% HP)


Message History

You hear a shout! x2
Casting: Orb of Destruction (safe; 1% risk of failure)
Confirm with . or Enter, or press ? or * to list all spells.
Aiming: Orb of Destruction (safe; 1% risk of failure)
Press: ? - help, Shift-Dir - straight line, f - yaktaur captain
Aim: a yaktaur captain, wielding a +0 arbalest and quivering 14 bolts (moderately wounded)
Your orb of destruction hits a stone wall.
Unknown command.
The yaktaur captain shoots a bolt.
You reflect the bolt off your +5 shield of reflection!
The bolt hits the yaktaur captain!!
The yaktaur captain shoots a bolt.
The bolt hits you!!
* * * LOW HITPOINT WARNING * * *
As you read the scroll of fog, it crumbles to dust.
The scroll dissolves into smoke.
A wizard comes into view. It is wielding a +0 dagger.
The wizard gestures at you while chanting.
You suddenly lose the ability to move!
The yaktaur captain shoots a bolt.
The bolt hits you!!
You die...

..........# #......#
*,>,,, ..........#
#......# *,,,,,
#######'###########......#
*,,,,, ..#
#...........#......#
*,,,,, ..#
#...........'......#
*,,,,, ^.#
#..###.###..#......#
*,,,,, ..#
#..##.#.##§§#......#
*,,,,, ..#
#.)#.#.#§#§§#......#
****** ..#
#...#.#.#§@§#......# ###
#..#.#.#§#§§######'#****
## #..##.#.##c§# *,,..,,,*
.## #..###.###§§#
*,,,,,,,* ..##
#......%%.§§# *,,,,,,,*
...# #.....)))..(#
*,,,,,,,* #.##
#####c####### *,,,,,,,*
...##*** *#..** ***
*,,,,,,,*
)...#*,***....***,*
*,,,,,,,*


You could see a yaktaur captain.

Vanquished Creatures
  Saint Roka (Orc:2)
  A bone dragon (Abyss:3)
  A lich (Abyss:3)
  A tentacled monstrosity (Vaults:3)
  Frances (Swamp:2)
  3 thorn hunters
  Kirke (D:14)
  Donald (Lair:2)
  A tengu reaver (Vaults:3)
  2 frost giants
  5 vault wardens
  10 emperor scorpions
  Aizul (Spider:3)
  5 ghost moths
  7 ironheart preservers
  2 very ugly things (Swamp:2)
  3 deep elf demonologists
  5 stone giants
  A deep elf annihilator (Vaults:1)
  2 spark wasps (Spider:3)
  An ettin (Vaults:3)
  2 deep elf death magi (Vaults:2)
  An ettin (shapeshifter) (Vaults:1)
  3 yaktaur captains
  Josephine (Lair:4)
  2 great orbs of eyes
  2 fire dragons
  2 ice dragons
  2 rakshasas (Vaults:3)
  4 vault guards (D:14)
  18 hydras
  A death knight (Vaults:2)
  3 catoblepae
  3 centaur warriors
  2 ghost crabs
  7 ogre magi
  22 two-headed ogres
  3 tengu warriors
  12 death yaks
  14 alligators
  3 thrashing horrors (Abyss:3)
  6 spriggans
  5 deep elf knights
  A wretched star (Abyss:3)
  A fire crab (shapeshifter) (Vaults:3)
  A shadow wraith (Vaults:1)
  2 flayed ghosts
  A skeletal warrior (Vaults:2)
  7 wizards
  A spatial maelstrom (Abyss:3)
  4 spriggan druids
  4 deep trolls
  11 swamp dragons
  An unseen horror (D:14)
  A glowing orange brain (Vaults:2)
  14 deep elf magi
  2 deep elf archers (Vaults:1)
  A lindwurm (Lair:5)
  9 ironbrand convokers
  8 harpies (Vaults:1)
  Pikel (D:8)
  3 orc sorcerers
  39 ugly things
  24 wolf spiders
  10 orc knights
  6 cyclopes
  3 necromancers
  18 orb spiders
  7 oklob plants
  A manticore (D:13)
  A fire giant skeleton (Vaults:1)
  8 vault sentinels
  An elephant (shapeshifter) (Vaults:3)
  2 guardian serpents (D:15)
  3 ice statues (IceCv)
  3 black mambas
  4 gargoyles
  2 smoke demons (Abyss:3)
  An apocalypse crab (Abyss:3)
  3 torpor snails
  An efreet (D:13)
  6 rime drakes
  26 yaktaurs
  10 spiny frogs
  4 kobold demonologists
  5 freezing wraiths
  An ancient zyme (Abyss:3)
  2 human skeletons (Vaults:1)
  7 komodo dragons
  16 demonic crawlers
  2 ice devils (Lair:6)
  29 jumping spiders
  A tengu conjurer (D:14)
  12 hornets
  6 trolls
  2 meliai (shapeshifter) (Vaults:3)
  10 tyrant leeches
  10 polar bears (Lair:6)
  A wind drake (shapeshifter) (D:14)
  2 bog bodies
  20 slime creatures
  A polar bear (shapeshifter) (Vaults:3)
  A blink frog (shapeshifter) (D:14)
  2 hydra skeletons (Swamp:4)
  3 raiju (Abyss:3)
  3 large abominations (Abyss:3)
  7 dream sheep (Lair:5)
  12 hippogriffs
  18 blink frogs
  A fire giant simulacrum (Vaults:2)
  2 ettin skeletons (Vaults:1)
  Sigmund (D:3)
  A centaur simulacrum (D:14)
  55 redbacks
  7 wraiths
  A vampire (D:12)
  7 shadows
  30 tarantellas
  3 wyverns
  2 humans (D:14)
  5 basilisks
  38 yaks
  2 fire bats (Abyss:3)
  A hog (D:14)
  3 neqoxecs (Abyss:3)
  3 steam dragons
  4 hungry ghosts
  29 vampire mosquitoes
  A dancing weapon (D:7)
  7 soldier ants
  10 wargs
  A spatial vortex (Abyss:3)
  10 insubstantial wisps
  19 swamp worms
  3 acid dragons
  13 water moccasins
  A floating eye (shapeshifter) (Vaults:3)
  15 hell hounds (Lair:6)
  12 swamp drakes
  9 ice beasts
  51 orc warriors
  7 porcupines
  A swamp dragon zombie (Swamp:4)
  2 sky beasts
  13 black bears
  2 phantoms
  An eye of draining (D:11)
  20 ogres
  2 necrophages
  A slave (D:8)
  3 centaurs
  10 crocodiles
  13 wolves (Lair:6)
  4 big kobolds
  26 bullfrogs
  A glowing shapeshifter simulacrum (Vaults:1)
  3 wyvern skeletons
  2 small abominations (Abyss:3)
  2 scorpions (D:12)
  A water moccasin skeleton (D:10)
  12 wights
  A howler monkey (D:13)
  2 electric eels
  3 centaur zombies
  8 crimson imps
  5 starcursed masses (Abyss:3)
  6 hounds
  2 quasits (D:10)
  21 orc priests
  8 jellies
  4 bullfrog skeletons
  7 centaur skeletons
  45 orc wizards
  7 iguanas
  2 hell rats (D:10)
  34 worker ants
  2 hound skeletons
  2 howler monkey zombies
  3 gnolls
  A howler monkey skeleton (D:11)
  A worker ant zombie (D:5)
  17 adders
  2 river rats
  2 shadow imps
  A white imp (Abyss:3)
  An ufetubus (Abyss:3)
  2 oozes
  An adder skeleton (D:6)
  4 worms
  A dart slug (D:1)
  13 leopard geckos
  135 orcs
  9 giant cockroaches
  12 goblins
  4 hobgoblins
  8 jackals
  10 kobolds
  8 quokkas
  6 bats
  9 frilled lizards
  4 rats
  19 briar patches (Swamp:3)
  A fulminant prism (Lair:1)
  10 plants
1518 creatures vanquished.

Vanquished Creatures (collateral kills)
  An orc knight (Orc:2)
  2 ball lightnings
  A smoke demon (Abyss:3)
  An orc warrior (Bailey)
  A naga skeleton (Abyss:3)
6 creatures vanquished.

Vanquished Creatures (others)
  3 yaktaur captains
  3 centaur warriors
  670 ball lightnings
  An orc knight (Vaults:1)
  A cyclops (Vaults:2)
  5 yaktaurs
  A small abomination (Abyss:3)
  2 dancing weapons (D:8)
  An insubstantial wisp (Swamp:3)
  2 slaves (D:8)
  A centaur (Vaults:2)
  244 foxfires
  152 fulminant prisms
  6 fungi
  34 plants
1126 creatures vanquished.

Grand Total: 2650 creatures vanquished

Notes
Turn   | Place    | Note
-------+----------+-------------------------------------------
     0 | D:1      | Faustar the Draconian Conjurer began the quest for the Orb.
     0 | D:1      | Reached XP level 1. HP: 14/14 MP: 3/3
   367 | D:1      | Reached XP level 2. HP: 16/20 MP: 5/5
   568 | D:1      | Learned a level 2 spell: Searing Ray
  1188 | D:2      | Reached XP level 3. HP: 26/26 MP: 2/7
  1455 | D:2      | Reached skill level 3 in Spellcasting
  1728 | D:2      | Reached XP level 4. HP: 33/33 MP: 2/8
  1860 | D:1      | Reached skill level 5 in Conjurations
  2550 | D:3      | Reached XP level 5. HP: 38/38 MP: 6/10
  2744 | D:3      | Reached skill level 4 in Spellcasting
  2860 | D:3      | Noticed Sigmund
  2869 | D:3      | Killed Sigmund
  2869 | D:3      | Reached XP level 6. HP: 45/45 MP: 3/12
  2875 | D:3      | Learned a level 4 spell: Fulminant Prism
  3189 | D:3      | Reached skill level 5 in Spellcasting
  3580 | D:4      | Your scales start taking on a glossy black colour.
  3580 | D:4      | Reached XP level 7. HP: 49/50 MP: 14/14
  3580 | D:4      | Gained mutation: You are resistant to electric shocks.
                  | (rElec) [Black Draconian growth]
  3937 | D:4      | Found a runed translucent door.
  3938 | D:4      | Noticed Crazy Yiuf
  4562 | D:5      | Entered Level 5 of the Dungeon
  4619 | D:5      | Reached skill level 6 in Spellcasting
  4909 | D:5      | Found a staircase to the Ecumenical Temple.
  4927 | Temple   | Entered the Ecumenical Temple
  5018 | Temple   | Became a worshipper of Vehumet
  5054 | D:5      | Reached skill level 1 in Hexes
  5057 | D:5      | Reached XP level 8. HP: 55/57 MP: 9/17
  5301 | D:5      | Reached skill level 1 in Fighting
  6069 | D:6      | Found a hazy altar of Hepliaklqana.
  6149 | D:6      | Reached skill level 5 in Fighting
  6272 | D:6      | Reached * piety under Vehumet
  6272 | D:6      | Offered knowledge of Foxfire by Vehumet.
  6367 | D:6      | Learned a level 1 spell: Foxfire
  6962 | D:6      | Reached XP level 9. HP: 73/78 MP: 18/18
  7515 | D:7      | Reached skill level 5 in Dodging
  7986 | D:6      | Offered knowledge of Shock by Vehumet.
  7989 | D:6      | Learned a level 1 spell: Shock
  8064 | D:7      | Found a bloodstained altar of Trog.
  8124 | D:7      | Reached ** piety under Vehumet
  9043 | D:8      | Reached skill level 5 in Air Magic
  9044 | D:8      | Reached XP level 10. HP: 82/84 MP: 13/19
  9051 | D:8      | Learned a level 3 spell: Confuse
  9059 | D:8      | Learned a level 3 spell: Tukima's Dance
  9707 | D:8      | Noticed a two-headed ogre
 10016 | D:8      | Noticed a two-headed ogre
 10224 | D:8      | Noticed Pikel
 10287 | D:8      | Killed Pikel
 10287 | D:8      | Reached skill level 5 in Hexes
 10507 | D:7      | Killed a two-headed ogre
 10846 | D:8      | Killed a two-headed ogre
 10976 | D:9      | Found a flagged portal.
 11026 | Bailey   | Entered a bailey
 11036 | Bailey   | Offered knowledge of Conjure Flame by Vehumet.
 11041 | Bailey   | Learned a level 3 spell: Conjure Flame
 11170 | Bailey   | Identified a scroll of acquirement
 11173 | Bailey   | Noticed an orc knight
 11176 | Bailey   | Reached *** piety under Vehumet
 11196 | Bailey   | Killed an orc knight
 11196 | Bailey   | Reached skill level 7 in Spellcasting
 11198 | Bailey   | Noticed an orc knight
 11218 | Bailey   | Killed an orc knight
 11308 | Bailey   | Noticed an orc knight
 11382 | Bailey   | Killed an orc knight
 11382 | Bailey   | Reached XP level 11. HP: 78/91 MP: 3/22
 11473 | Bailey   | Reached skill level 8 in Spellcasting
 12182 | D:9      | Offered knowledge of Mephitic Cloud by Vehumet.
 12213 | D:9      | Noticed a two-headed ogre
 12589 | D:10     | Entered Level 10 of the Dungeon
 12699 | D:10     | Found a portal to a secret trove of treasure.
 13141 | D:10     | Found Ixtaak's Distillery.
 13172 | D:10     | Bought a potion of agility for 48 gold pieces
 13172 | D:10     | Bought a potion of degeneration for 12 gold pieces
 13223 | D:10     | Learned a level 3 spell: Mephitic Cloud
 13224 | D:11     | Noticed a five-headed hydra
 13454 | D:11     | Found a staircase to the Lair.
 13457 | D:11     | Noticed a death yak
 13561 | D:10     | Found a staircase to the Orcish Mines.
 13658 | D:10     | Reached **** piety under Vehumet
 14148 | D:10     | Offered knowledge of Stone Arrow by Vehumet.
 14348 | D:11     | Noticed a death yak
 14361 | D:11     | Noticed a death yak
 14742 | D:10     | Killed a death yak
 14945 | D:11     | Paralysed by a hornet for 2 turns
 15172 | D:10     | Killed a death yak
 15172 | D:10     | Reached skill level 10 in Conjurations
 15362 | D:10     | Killed a death yak
 15934 | Lair:1   | Entered Level 1 of the Lair of Beasts
 16087 | Lair:1   | Found a transporter.
 16607 | Lair:1   | Noticed Fenoutet's ghost (novice DEWz)
 16634 | Lair:1   | Found a transporter.
 16642 | Lair:1   | Found a glowing golden altar of the Shining One.
 16650 | Lair:1   | You fall into a shaft and drop 1 floor!
 16651 | Lair:2   | Noticed a queen ant
 16676 | Lair:2   | Gained mutation: You have a pair of small horns on your
                  | head. [potion of mutation]
 16676 | Lair:2   | Gained mutation: You have an increased reservoir of magic.
                  | (+10% MP) [potion of mutation]
 16676 | Lair:2   | Gained mutation: You are robust. (+10% HP) [potion of
                  | mutation]
 16676 | Lair:2   | Gained mutation: Your large and strong wings let you fly
                  | indefinitely. [potion of mutation]
 18085 | Lair:2   | Reached XP level 12. HP: 112/112 MP: 12/26
 18179 | Lair:2   | Reached skill level 1 in Evocations
 18529 | Lair:2   | Found a hole to the Spider Nest.
 18909 | Lair:2   | Reached ***** piety under Vehumet
 18909 | Lair:2   | Offered knowledge of Orb of Destruction by Vehumet.
 19170 | Lair:2   | Found a staircase to the Swamp.
 20540 | Lair:2   | Learned a level 2 spell: Ensorcelled Hibernation
 21177 | Lair:3   | Reached skill level 5 in Evocations
 21900 | Lair:3   | Identified the Almanac of Malediction
 22425 | Lair:4   | Reached skill level 9 in Spellcasting
 22429 | Lair:4   | Noticed a catoblepas
 22542 | Lair:4   | Learned a level 7 spell: Orb of Destruction
 22567 | Lair:4   | Killed a catoblepas
 22823 | Lair:4   | Noticed Josephine
 22839 | Lair:4   | Killed Josephine
 23162 | Lair:4   | Found a shimmering altar of Xom.
 23698 | Lair:5   | Reached skill level 10 in Spellcasting
 23699 | Lair:5   | Noticed a catoblepas
 23839 | Lair:5   | Got a twitching iron ring
 23841 | Lair:5   | Identified the ring of Secrets {Ice Str+7} (You found it on
                  | level 5 of the Lair of Beasts)
 23853 | Lair:5   | Found a staircase to the Slime Pits.
 23930 | Lair:5   | Reached XP level 13. HP: 117/117 MP: 23/29
 24110 | Lair:5   | Paralysed by a hornet for 3 turns
 25353 | Lair:5   | Found an opulent altar of Gozag.
 25971 | Lair:5   | Offered knowledge of Irradiate by Vehumet.
 26047 | Lair:6   | Entered Level 6 of the Lair of Beasts
 26428 | Lair:6   | Found a frozen archway.
 26525 | IceCv    | Entered an ice cave
 28091 | Lair:6   | Mutation became permanent: Your large and strong wings let
                  | you fly indefinitely. [Black Draconian growth]
 28091 | Lair:6   | Gained mutation: Your large and strong wings let you fly
                  | indefinitely. [Black Draconian growth]
 28091 | Lair:6   | Reached XP level 14. HP: 100/126 MP: 1/30
 29246 | Lair:6   | Reached skill level 15 in Conjurations
 29249 | Lair:6   | Got a glittering bronze amulet
 29250 | Lair:6   | Identified the amulet of Xulakk {rPois rN+ Regen+ MP+9
                  | Dex+3} (You acquired it on level 6 of the Lair of Beasts)
 30228 | Lair:6   | Offered knowledge of Freezing Cloud by Vehumet.
 30436 | Lair:6   | Reached skill level 10 in Fighting
 31054 | Lair:6   | Got a pair of fine gloves
 31068 | Lair:6   | Learned a level 6 spell: Freezing Cloud
 31250 | D:11     | Reached skill level 1 in Ice Magic
 31432 | D:11     | Noticed a storm dragon
 32678 | D:12     | Identified the +1 pair of gloves "Gyur" {rElec rN+ Str-5}
                  | (You found it on level 6 of the Lair of Beasts)
 32743 | D:12     | Reached skill level 5 in Ice Magic
 33313 | D:12     | Offered knowledge of Conjure Ball Lightning by Vehumet.
 33604 | D:13     | Reached skill level 11 in Spellcasting
 33970 | D:13     | Found an ornate altar of the Wu Jian Council.
 34468 | Orc:1    | Entered Level 1 of the Orcish Mines
 34560 | Orc:2    | Entered Level 2 of the Orcish Mines
 34560 | Orc:2    | Found a gate leading to a gauntlet.
 34561 | Orc:2    | Found Ranagai's Book Shop.
 34564 | Gauntlet | Entered a Gauntlet
 34564 | Gauntlet | Found a transporter.
 34566 | Gauntlet | Found a runed translucent door.
 34568 | Gauntlet | Found a transporter.
 34569 | Gauntlet | Found a transporter.
 34574 | Gauntlet | Found a runed translucent door.
 34576 | Gauntlet | Found a runed translucent door.
 34578 | Gauntlet | Found a transporter.
 34580 | Gauntlet | Found a transporter.
 34591 | Gauntlet | Found a transporter.
 34610 | Gauntlet | Found a transporter.
 34620 | Gauntlet | Found a transporter.
 34630 | Gauntlet | Found a transporter.
 34650 | Gauntlet | Found a transporter.
 34665 | Gauntlet | Found a transporter.
 34665 | Gauntlet | Found a transporter.
 34952 | Orc:2    | Learned a level 6 spell: Conjure Ball Lightning
 35346 | Orc:2    | Found a roughly hewn altar of Beogh.
 35348 | Orc:2    | Found a staircase to the Elven Halls.
 35404 | Orc:2    | Found a roughly hewn altar of Beogh.
 35441 | Orc:2    | Reached XP level 15. HP: 132/140 MP: 27/34
 35596 | Orc:2    | Noticed Saint Roka
 35598 | Orc:2    | Reached skill level 12 in Spellcasting
 35621 | Orc:2    | Killed Saint Roka
 35798 | Orc:2    | Found Xirchob's Antique Armour Shop.
 35799 | Orc:2    | Found a roughly hewn altar of Beogh.
 35803 | Orc:2    | Found Igitzubb's Antique Weapon Boutique.
 36055 | Orc:2    | Found a roughly hewn altar of Beogh.
 36062 | Orc:2    | Found Kehiysal's Weapon Shop.
 36140 | Orc:2    | Found a roughly hewn altar of Beogh.
 36212 | Orc:2    | Found a roughly hewn altar of Beogh.
 36212 | Orc:2    | Found Rasaseug's Food Boutique.
 36220 | Orc:2    | Bought a ration for 50 gold pieces
 36220 | Orc:2    | Bought a ration for 50 gold pieces
 36220 | Orc:2    | Bought a ration for 50 gold pieces
 36265 | Orc:2    | Found Muosilya's Armour Shop.
 36389 | Orc:2    | Found a roughly hewn altar of Beogh.
 36576 | Orc:1    | Offered knowledge of Starburst by Vehumet.
 36799 | Swamp:1  | Entered Level 1 of the Swamp
 36803 | Swamp:1  | Reached skill level 13 in Spellcasting
 37632 | Swamp:1  | Reached skill level 14 in Spellcasting
 38130 | Swamp:2  | Offered knowledge of Ozocubu's Refrigeration by Vehumet.
 38168 | Swamp:2  | Noticed Frances
 38573 | Swamp:2  | Killed Frances
 38618 | Swamp:2  | Noticed a thorn hunter
 38622 | Swamp:2  | Killed a thorn hunter
 38675 | Swamp:2  | Reached skill level 15 in Spellcasting
 39154 | Swamp:3  | Reached skill level 1 in Shields
 39277 | Swamp:3  | Noticed a thorn hunter
 39402 | Swamp:3  | Reached XP level 16. HP: 145/149 MP: 26/38
 39554 | Swamp:3  | Killed a thorn hunter
 39846 | Swamp:3  | Reached skill level 5 in Shields
 39931 | Swamp:3  | Found a sacrificial altar of Ru.
 40479 | Swamp:4  | Entered Level 4 of the Swamp
 40483 | Swamp:4  | Noticed a thorn hunter
 40487 | Swamp:4  | Killed a thorn hunter
 41633 | Swamp:4  | Reached ****** piety under Vehumet
 41634 | Swamp:4  | Offered knowledge of Spellforged Servitor by Vehumet.
 41645 | Swamp:4  | Learned a level 7 spell: Spellforged Servitor
 41742 | Swamp:4  | Reached skill level 10 in Shields
 41769 | Swamp:4  | Got a decaying rune of Zot
 41960 | Spider:1 | Entered Level 1 of the Spider Nest
 42126 | Spider:1 | Noticed Donald
 42630 | Lair:2   | Killed Donald
 43846 | Spider:2 | Reached XP level 17. HP: 153/157 MP: 39/39
 43851 | Spider:2 | Offered knowledge of Fire Storm by Vehumet.
 43851 | Spider:2 | Offered knowledge of Glaciate by Vehumet.
 43851 | Spider:2 | Offered knowledge of Tornado by Vehumet.
 44757 | Spider:3 | Noticed Aizul
 44769 | Spider:3 | Killed Aizul
 45036 | Spider:3 | Identified Sif Muna's Compendium of Conjuration and
                  | Bewitchment
 45611 | Spider:4 | Entered Level 4 of the Spider Nest
 46025 | Spider:3 | Got a flickering bronze amulet
 46026 | Spider:3 | Identified the amulet "Supet" {+Rage +Fly rElec rF+} (You
                  | acquired it on level 3 of the Spider Nest)
 47276 | Spider:3 | Reached skill level 15 in Shields
 48427 | Spider:4 | Got a gossamer rune of Zot
 48801 | D:14     | Noticed Kirke
 48873 | D:14     | Killed Kirke
 48937 | D:14     | Found Koosopo's Mayhem Merchandise.
 49118 | D:14     | Found a gate to the Vaults.
 49348 | D:14     | Reached XP level 18. HP: 163/163 MP: 38/41
 49482 | D:15     | Entered Level 15 of the Dungeon
 49660 | D:15     | Reached skill level 16 in Spellcasting
 49951 | D:15     | Found a staircase to the Depths.
 50037 | D:15     | Reached skill level 10 in Air Magic
 50750 | Vaults:1 | Entered Level 1 of the Vaults
 51974 | Vaults:1 | Reached skill level 17 in Spellcasting
 53267 | Vaults:1 | Got a pair of twisted boots
 53268 | Vaults:1 | Identified the +2 pair of boots of Umuv {rN+ Str+4} (You
                  | found it on level 1 of the Vaults)
 53427 | Vaults:2 | Found a staircase to the Crypt.
 53427 | Vaults:2 | Found an ancient bone altar of Kikubaaqudgha.
 53428 | Vaults:2 | Found a basalt altar of Yredelemnul.
 53693 | Vaults:2 | Reached XP level 19. HP: 171/171 MP: 39/44
 53941 | Vaults:2 | Found Canun's Armour Shoppe.
 54247 | Vaults:2 | Reached skill level 18 in Spellcasting
 56067 | Vaults:3 | Cast into level 3 of the Abyss (a wizard)
 56135 | Abyss:3  | Noticed a lich
 56140 | Abyss:3  | Killed a lich
 56297 | Abyss:3  | Gained mutation: You are dopey. (Int -2) [a neqoxec]
 56506 | Abyss:3  | Noticed a bone dragon
 56515 | Abyss:3  | Paralysed by accursed screaming for 1 turns
 56519 | Abyss:3  | Found a snail-covered altar of Cheibriados.
 56539 | Abyss:3  | Noticed a bone dragon
 56549 | Abyss:3  | Killed a bone dragon
 56549 | Abyss:3  | Reached skill level 15 in Air Magic
 56613 | Vaults:3 | Escaped the Abyss
 57505 | Vaults:3 | Reached XP level 20. HP: 175/185 MP: 46/46
 57674 | Vaults:3 | Paralysed by a wizard for 6 turns
 57679 | Vaults:3 | Shot with a bolt by a yaktaur captain

Levels and vault maps discovered:
D:1:      mrwooster_arrival_statue_3, layout_basic,
          chequers_serial_rivers_room_b
D:2:      layout_rooms, minmay_lizard_pond
D:3:      layout_rooms, uniq_sigmund
D:4:      layout_basic, first_ration, serial_forest,
          infiniplex_forest_lined_room_2, infiniplex_forest_straight_1,
          infiniplex_forest_clump_tiny, infiniplex_forest_end_1,
          infiniplex_forest_clump_diagonal, infiniplex_forest_end_1,
          infiniplex_forest_lined_3_way, infiniplex_forest_clump_diagonal,
          infiniplex_forest_3_way, infiniplex_forest_lined_2,
          uniq_crazy_yiuf_cottage
D:5:      layout_basic, temple_doors_e
D:6:      layout_basic, lemuel_crystal_altar
D:7:      layout_basic, basic_altar
D:8:      layout_basic, blue_anna_alchemist [blue_anna_fruit_fields,
          blue_anna_fruit_fields], uniq_pikel
D:9:      layout_irregular_city, enter_bailey_3
D:10:     layout_roguey, david_orc_2, serial_shops, shop, enter_trove_0
D:11:     layout_layer_cave, dpeg_lair_monsters, grunt_ministairs_7,
          minmay_misc_feat_enclosed, onia_ninara_dug_in_and_dangerous
D:12:     layout_loops_cross, minmay_lizard_king
D:13:     layout_irregular_city, basic_altar, grunt_ministairs_11
D:14:     layout_basic, grunt_vaults_entry_fortified, minmay_shop_mayhem,
          uniq_kirke
D:15:     grunt_enter_depths_snipers, layout_stronghold, minmay_misc_feat_rows,
          nrook_guardian_serpent_ordinary
Temple:   compressed_dpeg_circular_temple
Lair:1:   layout_regular_city, gammafunk_ghost_hive, basic_altar
Lair:2:   layout_chaotic_city, minmay_swamp_entry_worms, spider_nest_entry_webs,
          lightli_volcano_entry_magma_tube, zaba_antful_of_joy
Lair:3:   minmay_lair_oklob_tunnel, layout_regular_city
Lair:4:   layout_cave_pods, basic_altar, st_stairs_3, grunt_megastairs_3,
          uniq_josephine
Lair:5:   cheibrodos_lair_overgrown_chateau, layout_big_grid,
          nicolae_slime_entry_slimehenge, basic_altar,
          infiniplex_staircase_pool_2
Lair:6:   hangedman_lair_caniforms_friends, layout_regular_city,
          guppyfry_lair_end_dragon, portal_ice_cave_demonic_guard,
          chequers_serial_rivers_marsh, minmay_lair_oklob_chamber
Swamp:1:  layout_basic_swamp, evilmike_swamp_ruin_house_5
Swamp:2:  layout_falls_marsh, nicolae_swamp_orc_logging_accident, uniq_frances
Swamp:3:  layout_basic_swamp, lemuel_altar_in_water
Swamp:4:  swamp, layout_basic_swamp, swamp_pool2, grunt_hermit_hut,
          infiniplex_staircase_pool
Spider:1: layout_spider_delve, uniq_donald
Spider:2: layout_chambers
Spider:3: layout_spider_delve, uniq_aizul
Spider:4: grunt_spider_rune_island
Orc:1:    layout_diamond_mine
Orc:2:    grunt_orc_community_town_hall, layout_caves,
          grunt_orc_community_big_house_1, grunt_orc_community_big_house_1,
          grunt_orc_community_house_2, grunt_orc_community_house_2,
          grunt_orc_community_house_2, grunt_orc_community_house_3,
          grunt_orc_community_house_1, grunt_orc_community_house_1,
          serial_shops, nicolae_shop_window_shopping, nicolae_shop_stone,
          gauntlet_entry_generic
Vaults:1: vaults_mumra_minichess_inversion, nicolae_vaults_octagons,
          nicolae_vaults_angled_halls, v_alt_pattern_4,
          vaults_room_grunt_arrival_ludios, v_misc_19, v_misc_26,
          vaults_dpeg_spiral, v_misc_17, layout_vaults_omnicross
Vaults:2: v_alt_pattern_2, minmay_crypt_entry_necro_gods, v_misc_1,
          ontoclasm_vaults_hangar, vaults_mumra_hex, vaults_dpeg_hooks,
          hangedman_vaults_slice, vaults_room_pool, v_rooms_4,
          layout_vaults_omnigrid, serial_shops, shop
Vaults:3: vaults_room_octagon, grunt_vaults_diagonal, v_misc_17,
          st_quartered_hall, v_alt_pattern_6, v_misc_18, vaults_room_pool,
          nicolae_vaults_triangles, vaults_mumra_hexcomb,
          vaults_mumra_minichess, grunt_vaults_hallway_short,
          nicolae_vaults_circle_grid_a, hangedman_vaults_trim,
          layout_vaults_omnibox, serial_shops, bzr_entry_dummy

Skill      XL: |  1  2  3  4  5  6  7  8  9 10 11 12 13 14 15 16 17 18 19 20 |
---------------+-------------------------------------------------------------+-----
Spellcasting   | 3 4 5 6 7 8 10 11 15 17 18 | 18.7
Conjurations   | 5 6 7 10 14 15 | 15.0
Hexes          | 1 3 7 8 |  8.0
Fighting       | 6 8 10 12 13 | 13.2
Dodging        | 2 6 8 |  8.0
Air Magic      | 5 6 8 9 12 15 | 15.0
Evocations     | 6 |  6.2
Ice Magic      | 6 |  6.0
Shields        | 2 12 15 | 15.0
Stealth        | |  1.7

Action                   |  1- 3 |  4- 6 |  7- 9 | 10-12 | 13-15 | 16-18 | 19-21 || total
-------------------------+-------+-------+-------+-------+-------+-------+-------++-------
Melee: Spear             |    56 |    10 |       |       |       |       |       ||    66
       Tailslap          |     5 |       |       |     3 |     1 |     3 |       ||    12
       Unarmed           |     1 |       |       |       |       |       |       ||     1
       Hunting sling     |       |       |       |    13 |       |       |       ||    13
       Hand axe          |       |       |       |    11 |       |       |       ||    11
       Headbutt          |       |       |       |     5 |     2 |     8 |       ||    15
       Staff             |       |       |       |       |    13 |    35 |     3 ||    51
 Fire: Hunting sling     |       |    36 |   196 |   324 |     6 |       |       ||   562
 Cast: Magic Dart        |    45 |    40 |    21 |    33 |       |       |       ||   139
       Searing Ray       |     4 |    15 |    54 |   139 |   214 |   123 |    41 ||   590
       Fulminant Prism   |       |       |     9 |    62 |    68 |    13 |     2 ||   154
       Foxfire           |       |       |     1 |    99 |    21 |     3 |     9 ||   133
       Shock             |       |       |       |   115 |   313 |    96 |    64 ||   588
       Tukima's Dance    |       |       |       |    24 |     2 |     2 |       ||    28
       Confuse           |       |       |       |   106 |    40 |     3 |       ||   149
       Conjure Flame     |       |       |       |    18 |     4 |       |       ||    22
       Mephitic Cloud    |       |       |       |     7 |     3 |     1 |       ||    11
       Ensorcelled Hiber |       |       |       |     4 |     2 |       |       ||     6
       Orb of Destructio |       |       |       |       |   113 |   144 |    88 ||   345
       Conjure Ball Ligh |       |       |       |       |    80 |   203 |    43 ||   326
       Freezing Cloud    |       |       |       |       |     4 |    53 |    65 ||   122
 Abil: Breathe Lightning |       |       |    15 |    27 |     5 |       |       ||    47
       Fly               |       |       |       |     1 |       |       |       ||     1
Evoke: Wand              |       |       |     4 |    16 |    24 |     9 |     1 ||    54
       Crystal ball of e |       |       |       |       |     4 |     2 |     2 ||     8
       Lamp of fire      |       |       |       |       |       |     2 |       ||     2
       Box of beasts     |       |       |       |       |       |     1 |     1 ||     2
       Phial of floods   |       |       |       |       |       |     1 |       ||     1
  Use: Scroll            |     4 |     2 |     3 |    19 |    13 |    15 |     4 ||    60
       Potion            |       |       |       |     6 |     3 |     6 |    13 ||    28
 Stab: Distracted        |       |       |       |       |     1 |       |       ||     1
       Sleeping          |       |       |       |       |       |     2 |       ||     2
  Eat: Chunk             |     3 |     6 |    20 |    32 |    92 |    72 |    34 ||   259
       Ration            |       |       |     1 |     7 |    10 |    22 |     6 ||    46
Armor: Skin              |    20 |     6 |    36 |    72 |   122 |   186 |    31 ||   473
Dodge: Dodged            |    40 |    17 |    97 |   491 |   511 |   675 |   119 ||  1950
Block: Shield            |       |       |       |       |       |   608 |   178 ||   786
       Reflection        |       |       |       |       |       |    46 |    37 ||    83

Table legend:
 A = Non-vault XP
 B = Vault XP
 C = Vault XP percentage of total XP
 D = Non-vault monster count
 E = Vault monster count
 F = Vault count percentage of total count
                 A         B        C        D         E       F
            +---------+---------+-------+---------+---------+-------
      Total |  312347 |  173598 |  35.7 |    1010 |     492 |  32.8
            +---------+---------+-------+---------+---------+-------
        D:1 |      42 |       0 |   0.0 |      18 |       0 |   0.0
        D:2 |      99 |       5 |   4.8 |      19 |       5 |  20.8
        D:3 |     306 |     231 |  43.0 |      27 |       1 |   3.6
        D:4 |     437 |       0 |   0.0 |      12 |       0 |   0.0
        D:5 |     782 |       0 |   0.0 |      20 |       0 |   0.0
        D:6 |    1447 |       0 |   0.0 |      34 |       0 |   0.0
        D:7 |    2557 |       0 |   0.0 |      25 |       0 |   0.0
        D:8 |    2437 |     714 |  22.7 |      29 |       2 |   6.5
        D:9 |     585 |       8 |   1.3 |      13 |       4 |  23.5
       D:10 |    1181 |    2863 |  70.8 |      21 |      13 |  38.2
       D:11 |    6316 |     149 |   2.3 |      37 |       6 |  14.0
       D:12 |    6343 |     494 |   7.2 |      29 |      10 |  25.6
       D:13 |    6545 |       0 |   0.0 |      12 |       0 |   0.0
       D:14 |    6986 |    9025 |  56.4 |      20 |      13 |  39.4
       D:15 |   10995 |    4030 |  26.8 |      37 |       5 |  11.9
     Lair:1 |    1781 |     485 |  21.4 |       9 |       5 |  35.7
     Lair:2 |    8396 |    4771 |  36.2 |      24 |      32 |  57.1
     Lair:3 |    1785 |    2199 |  55.2 |      11 |       4 |  26.7
     Lair:4 |    4789 |    2672 |  35.8 |      21 |       8 |  27.6
     Lair:5 |   11173 |    4861 |  30.3 |      26 |      22 |  45.8
     Lair:6 |    6996 |   17673 |  71.6 |      24 |      75 |  75.8
    Swamp:1 |   14902 |       0 |   0.0 |      45 |       0 |   0.0
    Swamp:2 |   17928 |    2354 |  11.6 |      39 |       1 |   2.5
    Swamp:3 |   11581 |    2627 |  18.5 |      35 |       3 |   7.9
    Swamp:4 |   10499 |   14177 |  57.5 |      18 |      26 |  59.1
   Spider:1 |   10673 |       0 |   0.0 |      36 |       0 |   0.0
   Spider:2 |   11300 |       0 |   0.0 |      24 |       0 |   0.0
   Spider:3 |   18122 |   10918 |  37.6 |      45 |      12 |  21.1
   Spider:4 |   10765 |   16182 |  60.1 |      31 |      31 |  50.0
      Orc:1 |    4696 |       0 |   0.0 |      46 |       0 |   0.0
      Orc:2 |    4067 |    7551 |  65.0 |      29 |      72 |  71.3
   Vaults:1 |   29229 |   25537 |  46.6 |      48 |      38 |  44.2
   Vaults:2 |   53877 |   13933 |  20.5 |      81 |      22 |  21.4
   Vaults:3 |   16449 |   24418 |  59.7 |      32 |      31 |  49.2
    Abyss:3 |   16281 |       0 |   0.0 |      33 |       0 |   0.0
     Bailey |       0 |    2424 | 100.0 |       0 |      40 | 100.0
      IceCv |       0 |    3297 | 100.0 |       0 |      11 | 100.0
            +---------+---------+-------+---------+---------+-------
